 Dungeon Crawl Stone Soup version 0.28.0-43-g3370ac3207 (webtiles) character file.

Game seed: 4957534717596279881

94 tizbic2 the Twirler (level 4, -6/48 HPs)
             Began as an Ogre Gladiator on Mar 17, 2022.
             Mangled by an ogre
             ... wielding a +0 giant spiked club
              (22 damage)
             ... on level 4 of the Dungeon.
             The game lasted 00:10:18 (2915 turns).

tizbic2 the Twirler (Ogre Gladiator)                Turns: 2915, Time: 00:10:18

Health: -6/48      AC:  4    Str: 18    XL:     4   Next: 63%
Magic:  4/4        EV: 10    Int: 11    God:
Gold:   57         SH:  0    Dex: 10    Spells: 3/3 levels left

rFire   . . .      SeeInvis .   i - staff of air
rCold   . . .      Faith    .   s - orb {light}
rNeg    . . .      Spirit   .   n - +0 robe
rPois   .          Reflect  .   c - +1 hat
rElec   +          Harm     .   (no cloak)
rCorr   .          Rampage  .   (gloves unavailable)
Will    .....                   (boots unavailable)
Stlth   +.........              (no amulet)
HPRegen 0.16/turn               (no ring)
MPRegen 0.09/turn               (no ring)

@: glowing, very slow
A: large, unfitting armour, tough skin 1
a: no special abilities


You were on level 4 of the Dungeon.
You visited 1 branch of the dungeon, and saw 4 of its levels.

You collected 57 gold pieces.

Inventory:

Missiles
 d - 3 throwing nets
 f - 58 stones (quivered)
 k - 6 javelins
 t - 4 boomerangs
Armour
 c - a +1 hat (worn)
 n - a +0 robe (worn)
 s - an orb of light (worn)
Magical Staves
 i - a staff of air (weapon)
Wands
 p - a wand of polymorph (8)
Scrolls
 m - 2 scrolls of identify
Potions
 a - a potion of resistance {unknown}
 b - a potion of flight {unknown}
 g - 3 potions of cancellation {unknown}
 j - a potion of lignification
 l - 2 potions of haste {unknown}
 o - a potion of brilliance {unknown}
 q - a potion of heal wounds {unknown}
 r - 2 potions of might {unknown}


   Skills:
 + Level 3.6 Fighting
 * Level 4.1 Staves
 - Level 2.4 Throwing
 - Level 2.6 Dodging
 + Level 0.8 Air Magic
 + Level 0.9 Evocations


You had 3 spell levels left.
You didn't know any spells.
Your spell library was empty.

Dungeon Overview and Level Annotations

Branches:
Dungeon (4/15)
 Temple: D:4-7

Altars:

Annotations:
D:3 1 runed translucent door, pkoi's ghost, amateur DrFE


Innate Abilities, Weirdness & Mutations

You are too large for most types of armour.
You have tough skin. (AC +1)


Message History

Unknown command.
Unknown command.
There are no items here.
There is a stone staircase leading up here.
Found a stone staircase leading up.
You hear the slow hiss of an avalanche of sand nearby.
You enter the shallow water.
Moving in this stuff is going to be slow.
An ogre comes into view. It is wielding a +0 giant spiked club.
Found a scroll of identify.
Found a stone staircase leading down.
The ogre shouts!
A giant cockroach comes into view.
You enter the shallow water.
Moving in this stuff is going to be slow.
You enter the shallow water.
Moving in this stuff is going to be slow.
The ogre hits you with a +0 giant spiked club!!
You hit the ogre but do no damage. You hit the ogre.
The ogre is lightly wounded.
The ogre misses you.
You hit the ogre.
The ogre is moderately wounded.
The ogre barely misses you.
You hit the ogre.
The ogre is heavily wounded.
The ogre closely misses you.
You hit the ogre but do no damage.
The ogre is heavily wounded.
The ogre hits you with a +0 giant spiked club!
You hit the ogre but do no damage.
The ogre is heavily wounded.
You hit the ogre.
The ogre is heavily wounded.
The ogre barely misses you.
The giant cockroach waves its antennae.
You hit the ogre but do no damage.
The ogre is heavily wounded.
The ogre hits you with a +0 giant spiked club!!
You die...

#.##...#
#. ##.## .
#.# . #.#
.. #.# ...
#.# ....
#.# ≈.>.#
#.#
≈≈.?≈##@#
≈.≈.≈≈#O##
≈.≈≈≈♣.B.#
≈≈B≈≈≈.≈.#
≈.#..≈.≈.#
♣.≈≈≈≈##
♣.≈#≈≈≈#
#≈..#.♣≈#
#.≈ #.≈##


You could see an ogre and a giant cockroach.

Vanquished Creatures
  Terence (D:2)
  A gnoll (D:1)
  An adder (D:3)
  3 dart slugs
  2 ball pythons
  7 endoplasms
  4 giant cockroaches
  2 goblins (D:3)
  3 hobgoblins
  3 quokkas
  5 bats
  3 frilled lizards
  4 kobolds
  4 rats
43 creatures vanquished.

Notes
Turn   | Place    | Note
-------+----------+-------------------------------------------
     0 | D:1      | tizbic2 the Ogre Gladiator began the quest for the Orb.
     0 | D:1      | Reached XP level 1. HP: 22/22 MP: 1/1
   205 | D:1      | Reached XP level 2. HP: 29/29 MP: 2/2
   437 | D:1      | Found a faded altar of an unknown god.
   605 | D:1      | Reached XP level 3. HP: 36/37 MP: 3/3
  1813 | D:2      | Noticed Terence
  1844 | D:2      | Killed Terence
  1845 | D:2      | Reached skill level 4 in Staves
  1845 | D:2      | Reached XP level 4. HP: 15/45 MP: 4/4
  2336 | D:3      | Found a runed translucent door.
  2348 | D:3      | Noticed pkoi's ghost (amateur DrFE)
  2903 | D:4      | Noticed an ogre
  2915 | D:4      | Mangled by an ogre

Illustrated notes

Levels and vault maps discovered:
D:1:      lemuel_arrival_room, layout_basic,
          ebering_ecumenical_altar_sacrificial, minmay_misc_feat_alley
D:2:      layout_basic, uniq_terence
D:3:      layout_basic, ebering_ghost_reflecting_pool, minmay_surrounded
D:4:      black_bear_nest_2, layout_loops_ring, serial_rivers,
          chequers_serial_rivers_room_b, chequers_serial_rivers_small_b,
          chequers_serial_rivers_large_b, chequers_serial_rivers_marsh,
          gup_ossuary_entry_pyramid, nicolae_shop_firing_range

Skill      XL: |  1  2  3 |
---------------+----------+-----
Fighting       | 3 |  3.6
Staves         | 4 |  4.1
Throwing       | |  2.4
Dodging        | |  2.6
Air Magic      | |  0.8
Evocations     | |  0.9

Action                   |  1- 3 |  4- 6 || total
-------------------------+-------+-------++-------
Melee: Quarterstaff      |    38 |       ||    38
       Staff             |    69 |    47 ||   116
       Unarmed           |    19 |       ||    19
       Punch             |     1 |     1 ||     2
Throw: Stone             |    10 |       ||    10
  Use: Scroll            |       |     3 ||     3
 Stab: Sleeping          |     2 |       ||     2
Armor: Robe              |    36 |    16 ||    52
       Skin              |     1 |       ||     1
Dodge: Dodged            |    72 |    29 ||   101
